 Dungeon Crawl Stone Soup version 0.17-a0-1046-ga09e34d (webtiles) character file.

5451 RobertPalmer the Carver (level 10, -11/75 HPs)
             Began as a Naga Chaos Knight on May 15, 2015.
             Killed from afar by a wretched star (15 damage)
             ... with an orb of energy
             ... on level 1 of the Abyss.
             The game lasted 00:28:40 (10415 turns).

RobertPalmer the Carver (Naga Chaos Knight)        Turns: 10415, Time: 00:28:41

Health: -11/75     AC: 15    Str: 10    XL:     10   Next: 68%
Magic:  10/10      EV: 15    Int: 18    God:    Xom [..*...]
Gold:   409        SH:  0    Dex: 16    Spells: 0 memorised, 9 levels left

rFire  . . .     SeeInvis +     a - +0 long sword
rCold  . . .     Clarity  .     C - +3 leather armour
rNeg   . . .     SustAb   .     (no shield)
rPois  +         Gourm    .     g - +2 helmet
rElec  .         Spirit   .     L - +0 cloak
rCorr  .         Warding  .     (no gloves)
rMut   .         Stasis   .     (no barding)
MR     +....                    (no amulet)
Stlth  +.........               z - ring of wizardry {Wiz+, !d}
                                d - +5 ring of dexterity

@: very slow, somewhat resistant to hostile enchantments, very unstealthy
A: thin metallic scales 2, see invisible, clever 1, deformed body, frail 1,
poison resistance, slowness 2, slow metabolism 1, spit poison 2, weak 2, AC +3
a: Spit Poison, Renounce Religion


You were on level 1 of the Abyss.
You worshipped Xom.
You were a toy of Xom.
You were very hungry.

You visited 1 branch of the dungeon, and saw 9 of its levels.
You visited the Abyss 2 times.

You collected 409 gold pieces.

Inventory:

Hand weapons
 a - a +0 long sword (weapon)
   (You found it on level 6 of the Dungeon)
 b - a +0 blowgun
   (You took it off a kobold on level 6 of the Dungeon)
Missiles
 e - 38 poisoned needles
 G - 6 curare-tipped needles
Armour
 g - a +2 helmet (worn)
   (You found it on level 3 of the Dungeon)
 C - a +3 leather armour (worn)
 H - the +0 robe "Maracaru" {rF- Regen+ Int+6}
   (You found it on level 7 of the Dungeon)

   It affects your intelligence (+6).
   It makes you vulnerable to fire.
   It increases your rate of regeneration.
 L - a +0 cloak (worn)
   (You found it on level 9 of the Dungeon)
Jewellery
 d - a +5 ring of dexterity (left hand)
   (You found it on level 1 of the Dungeon)
 z - a ring of wizardry (right hand) {Wiz+, !d}
   (You found it on level 6 of the Dungeon)
Magical devices
 m - a wand of teleportation (4)
   (You took it off Pikel on level 4 of the Dungeon)
 p - a wand of polymorph (15)
   (You found it on level 4 of the Dungeon)
 u - a wand of paralysis (5)
   (You found it on level 7 of the Dungeon)
 v - a wand of fire (5)
   (You found it on level 5 of the Dungeon)
 A - a wand of paralysis (11)
   (Xom gifted it to you on level 6 of the Dungeon)
 F - a wand of cold (3)
   (You found it on level 7 of the Dungeon)
 J - a wand of random effects (15)
   (You found it on level 9 of the Dungeon)
Scrolls
 h - a scroll of enchant weapon
 k - 2 scrolls of amnesia
 l - 6 scrolls of identify
 q - a scroll of recharging
 y - a scroll of teleportation
 E - a scroll of enchant armour
Potions
 r - 2 potions of curing
 w - a potion of ambrosia {unknown}
 x - a potion of lignification {!q}
 D - a potion of magic {unknown}
 I - a potion of heal wounds
 K - a potion of haste {unknown}
 M - a potion of beneficial mutation {unknown}
Books
 o - a book of Spatial Translocations
   (You found it on level 3 of the Dungeon)
 t - a Fen Folio
   (You found it on level 5 of the Dungeon)
 B - a book of Summonings
   (You found it on level 6 of the Dungeon)
Comestibles
 c - 5 bread rations {@e1}
 f - a beef jerky
 i - 2 meat rations {@e2}
 j - 7 fruits
 n - a slice of pizza
 s - a royal jelly


   Skills:
 - Level 3.0 Fighting
 - Level 10.5 Long Blades
 - Level 1.5 Armour
 + Level 10.0 Dodging


You had 9 spell levels left.
You didn't know any spells.

Dungeon Overview and Level Annotations

Branches:
Dungeon (9/15)             Temple (0/1) D:6
   Lair: D:8-11         Orc: D:9-12

Altars:
Fedhas
Kikubaaqudgha
Nemelex Xobeh
Okawaru
Ru
Trog
Xom
Yredelemnul
Zin
The Shining One

Annotations:
D:9 Erolcha


Innate Abilities, Weirdness & Mutations

You cannot wear boots.
Your serpentine skin is tough (AC +3).
You have supernaturally acute eyesight.
Armour fits poorly on your strangely shaped body.
Your system is resistant to poisons.
You cover ground very slowly.
You have a slow metabolism.
You can spit poison.
You are mostly covered in thin metallic scales (AC +3).
Your mind is acute. (Int +2)
You are frail (-10% HP).
You are very weak. (Str -4)


Message History

You hit the orange demon. The orange demon barely misses you.
The orange demon hits you but does no damage.
You barely miss the orange demon. The orange demon stings you.
The orange demon hits you.
You take 4 damage, and have 47/75 hp.
You hit the orange demon but do no damage.
The orange demon stings you.
You are poisoned.
The orange demon poisons you!
You feel your attacks grow feeble.
The orange demon hits you but does no damage.
You take 3 damage, and have 44/75 hp.
You hit the orange demon.
You feel sick.
The orange demon stings you but does no damage.
The orange demon hits you.
You take 6 damage, and have 38/75 hp.
You hit the orange demon.
You kill the orange demon!
Your base Dodging skill increases to level 10!
Your life force feels restored.
You feel sick.
You take 2 damage, and have 36/75 hp.
You feel sick.
You take 2 damage, and have 34/75 hp.
You feel very sick.
You take 3 damage, and have 31/75 hp.
You feel sick.
You take 1 damage, and have 30/75 hp.
You feel sick.
You take 1 damage, and have 29/75 hp.
You feel sick.
You take 2 damage, and have 27/75 hp.
You feel sick.
You take 1 damage, and have 26/75 hp.
You feel sick.
You take 1 damage, and have 25/75 hp.
You feel sick.
You take 1 damage, and have 24/75 hp.
You start resting.
You feel sick.
You feel sick.
Your attacks no longer feel as feeble.
You feel sick.
You take 2 damage, and have 22/75 hp.
You start resting.
You feel sick. x5
You are feeling very hungry.
You feel sick.
You take 3 damage, and have 19/75 hp.
You start resting.
You feel sick. x3
You are no longer poisoned.
You start resting. "Let me alter your pitiful body."
Your body is suffused with distortional energy.
Thin metallic scales spread over more of your body.
You are now a toy of Xom.
You regained 18 hp, and now have 37/75 hp.
You start resting.
A wretched star comes into view.
A wretched star is nearby!
Unknown command.
The wretched star glows turbulently.
The orb of energy hits you!
The wretched star glows turbulently.
The orb of energy hits you!
* * * LOW HITPOINT WARNING * * *
You take 19 damage, and have 20/75 hp.
MASSIVE DAMAGE!!
A wretched star is nearby!
You closely miss the wretched star.
The wretched star glows turbulently.
The orb of energy hits you!
* * * LOW HITPOINT WARNING * * *
You take 8 damage, and have 13/75 hp.
You hit the wretched star but do no damage.
You hit the wretched star.
The wretched star glows turbulently.
The orb of energy misses you.
The orb of energy explodes!
You hit the wretched star but do no damage.
Unknown command.
You barely miss the wretched star.
You hit the wretched star but do no damage.
You slash the wretched star! You barely miss the wretched star.
You hit the wretched star but do no damage.
The wretched star glows turbulently.
The orb of energy hits you!
* * * LOW HITPOINT WARNING * * *
The orb of energy explodes!
You take 10 damage, and have 4/75 hp.
You barely miss the wretched star. You barely miss the wretched star.
The wretched star glows turbulently.
The orb of energy misses you.
Unknown command.
You hit the wretched star.
The wretched star glows turbulently.
The orb of energy hits you!
You die...
Xom chuckles heartily!

# . .# . ..
. # # # . #
. ##.### #
##..>##.##@#
. ....
*..#*# .
....# #.##
.. #. ...
### ...
......... ..
. .# . .
...# $ .# .
#.##


You could see a wretched star.

Vanquished Creatures
  An orange demon (Abyss:1)
  A spriggan (D:9)
  A deep elf mage (D:9)
  A fire bat (D:9)
  Menkaure (D:4)
  Duvessa (D:6)
  2 wasps
  9 ogres
  A phantom (D:5)
  7 centaurs
  3 slaves (D:4)
  4 giant frogs
  3 big kobolds
  Dowan (D:6)
  A scorpion (D:7)
  8 killer bees
  2 wights (D:9)
  2 crimson imps (D:5)
  7 hounds
  4 gnoll shamans
  A centaur skeleton (D:7)
  An orc priest (D:5)
  6 orc wizards
  3 iguanas
  A jelly (D:4)
  5 worker ants
  The ghost of 4thArraOfDagon the Insei, a weakling HuTm (D:3)
  2 hound zombies
  A worker ant zombie (D:5)
  15 adders
  6 gnolls
  2 shadow imps
  2 adder zombies
  A worm (D:5)
  24 orcs
  20 bats
  A bat skeleton (D:7)
  A bat zombie (D:6)
  4 giant cockroaches
  11 goblins
  24 hobgoblins
  16 jackals
  25 kobolds
  4 ball pythons
  4 giant geckos
  2 giant gecko skeletons
  4 giant newts
  5 quokkas
  A quokka skeleton (D:4)
  A quokka zombie (D:5)
  16 rats
270 creatures vanquished.

Vanquished Creatures (collateral kills)
  Pikel (D:4)
  A steam dragon (D:4)
  An ogre (D:6)
  A gnoll sergeant (D:6)
  A crimson imp (D:6)
  2 kobolds (D:6)
7 creatures vanquished.

Vanquished Creatures (others)
  An ogre (D:3)
  A hound (D:5)
  A shadow imp (D:6)
3 creatures vanquished.

Grand Total: 280 creatures vanquished

Notes
Turn   | Place    | Note
--------------------------------------------------------------
     0 | D:1      | RobertPalmer the Naga Chaos Knight began the quest for the Orb.
     0 | D:1      | Reached XP level 1. HP: 21/21 MP: 1/1
    43 | D:1      | HP: 4/21 [giant newt (2)]
   133 | D:1      | XOM: silly message
   449 | D:1      | Reached XP level 2. HP: 28/28 MP: 2/2
   502 | D:1      | Found a glowing golden altar of the Shining One.
   699 | D:1      | Reached skill level 4 in Long Blades
   774 | D:1      | Reached XP level 3. HP: 32/34 MP: 3/3
  1012 | D:2      | Reached XP level 4. HP: 22/42 MP: 4/4
  1178 | D:2      | Found an ancient bone altar of Kikubaaqudgha.
  1286 | D:2      | XOM is BORED!
  1286 | D:2      | XOM: silly message
  1322 | D:2      | Found a sacrificial altar of Ru.
  1387 | D:2      | XOM: divination: magic mapping
  1391 | D:2      | Reached skill level 5 in Long Blades
  1470 | D:2      | XOM: smoke on damage
  1809 | D:3      | Noticed 4thArraOfDagon's ghost (weakling HuTm)
  2182 | D:3      | Reached XP level 5. HP: 46/49 MP: 5/5
  2236 | D:3      | Killed 4thArraOfDagon's ghost
  2360 | D:3      | Noticed an ogre
  2458 | D:3      | Found an iron altar of Okawaru.
  2734 | D:3      | Reached skill level 6 in Long Blades
  2763 | D:4      | Noticed an ogre
  2818 | D:3      | Banished an ogre
  2818 | D:3      | Reached XP level 6. HP: 49/56 MP: 6/6
  2830 | D:4      | Noticed a slave
  2830 | D:4      | Noticed Menkaure
  2832 | D:4      | Noticed Pikel
  2898 | D:3      | XOM: harmless Hex miscast
  2911 | D:3      | XOM: silly message
  2987 | D:3      | XOM: cast spell 'Summon Butterflies'
  3067 | D:4      | Noticed a slave
  3089 | D:4      | Killed a slave
  3308 | D:4      | Killed an ogre
  3308 | D:4      | Reached skill level 7 in Long Blades
  3354 | D:4      | XOM: harmless Ice miscast
  3473 | D:3      | Reached XP level 7. HP: 17/62 MP: 7/7
  3629 | D:3      | XOM: silly message
  3842 | D:4      | XOM: destruction
  3846 | D:4      | Killed Menkaure
  3846 | D:4      | Reached skill level 8 in Long Blades
  3903 | D:4      | XOM: enchant monster (good)
  3911 | D:4      | Noticed a slave
  3911 | D:4      | Noticed a slave
  3916 | D:4      | Noticed a steam dragon
  3916 | D:4      | a slave changed into a steam dragon
  3916 | D:4      | XOM: polymorph slave -> steam dragon
  3920 | D:4      | XOM: summons friendly shadow imp
  3921 | D:4      | XOM: confuse monster(s)
  3923 | D:4      | Killed a steam dragon
  3928 | D:4      | Killed a slave
  3939 | D:4      | Killed a slave
  3961 | D:4      | XOM: god gift: scroll of amnesia
  4024 | D:4      | XOM: enchant monster (good)
  4036 | D:4      | Killed Pikel
  4036 | D:4      | Reached skill level 9 in Long Blades
  4036 | D:4      | Reached XP level 8. HP: 42/69 MP: 8/8
  4286 | D:4      | Reached skill level 10 in Long Blades
  4407 | D:4      | XOM: fog
  4687 | D:4      | Found a bloodstained altar of Trog.
  4982 | D:5      | Entered Level 5 of the Dungeon
  4991 | D:5      | Found a staircase to the Ecumenical Temple.
  5024 | D:5      | XOM: enchant monster (bad)
  5077 | D:5      | Reached skill level 1 in Dodging
  5138 | D:5      | XOM: potion effect (berserk rage)
  5140 | D:5      | XOM: polymorph worker ant -> killer bee
  5155 | D:5      | Reached skill level 2 in Dodging
  5438 | D:5      | XOM: mild Divn miscast
  5539 | D:5      | Reached skill level 3 in Dodging
  5602 | D:5      | XOM: give mutation
  5602 | D:5      | Gained mutation: Your mind is acute. (Int +2) [Xom's mischief]
  5609 | D:5      | Reached XP level 9. HP: 58/75 MP: 9/9
  5665 | D:5      | Found a basalt altar of Yredelemnul.
  5816 | D:6      | Noticed Duvessa
  5818 | D:6      | Noticed Dowan
  5834 | D:6      | Killed Duvessa
  5834 | D:6      | Reached skill level 4 in Dodging
  5840 | D:6      | Killed Dowan
  5947 | D:6      | Found a staircase to the Ecumenical Temple.
  6058 | D:6      | Found a glowing silver altar of Zin.
  6208 | D:6      | XOM: 5-stop teleportation journey
  6224 | D:6      | Reached skill level 5 in Dodging
  6254 | D:6      | XOM: enchant monster (good)
  6283 | D:6      | XOM: butterfly on damage
  6442 | D:6      | Reached skill level 6 in Dodging
  6521 | D:6      | XOM: fake destruction
  6771 | D:6      | XOM: scenery: 4 doors close
  7022 | D:6      | XOM: god gift: ivory wand {god gift}
  7039 | D:6      | XOM: scenery: 4 doors close
  7225 | D:6      | Reached skill level 7 in Dodging
  7279 | D:6      | XOM: summons friendly shadow imp
  7640 | D:6      | XOM: vitrification
  7652 | D:6      | XOM: give mutations
  7652 | D:6      | Gained mutation: You are frail (-10% HP). [Xom's mischief]
  7652 | D:6      | Gained mutation: You are weak. (Str -2) [Xom's mischief]
  7652 | D:6      | Gained mutation: You are very weak. (Str -4) [Xom's mischief]
  7976 | D:7      | XOM: confuse monster(s)
  7981 | D:7      | Reached XP level 10. HP: 55/75 MP: 10/10
  8121 | D:7      | Got a smoking robe
  8122 | D:7      | Identified the +0 robe "Maracaru" {rF- Regen+ Int+6} (You found it on level 7 of the Dungeon)
  8259 | D:7      | Found a blossoming altar of Fedhas.
  8296 | D:7      | Reached skill level 8 in Dodging
  8301 | D:7      | XOM: smoke on damage
  8311 | D:7      | Found a sparkling altar of Nemelex Xobeh.
  8484 | D:7      | XOM: confuse monster(s)
  8707 | D:8      | XOM: fog
  8797 | D:8      | XOM: summons 5 hostile shadow creatures
  8802 | D:9      | Noticed Erolcha
  8806 | D:9      | Cast into the Abyss (Erolcha)
  8806 | D:9      | Escaped the Abyss
  8806 | D:9      | XOM: revert banishment
  8936 | D:9      | XOM: polymorph sky beast -> fire bat
  8983 | D:9      | XOM: smoke on damage
  9146 | D:9      | Reached skill level 9 in Dodging
  9498 | D:9      | XOM: harmless Trmt miscast
  9567 | D:9      | XOM: confusion
  9575 | D:9      | XOM: chaos cloud
  9603 | D:9      | XOM: polymorph killer bee -> centaur
  9743 | D:9      | Found a shimmering altar of Xom.
  9776 | D:9      | XOM: polymorph killer bee -> wasp
  9793 | D:9      | HP: 18/75 [killer bee (5)]
 10125 | D:9      | XOM: give mutation
 10125 | D:9      | Gained mutation: You are partially covered in thin metallic scales (AC +2). [Xom's grace]
 10186 | D:9      | XOM: scenery: create altars
 10245 | D:9      | Cast into the Abyss (Erolcha)
 10270 | Abyss:1  | XOM: fog
 10289 | Abyss:1  | Reached skill level 10 in Dodging
 10391 | Abyss:1  | XOM: give mutation
 10391 | Abyss:1  | Gained mutation: You are mostly covered in thin metallic scales (AC +3). [Xom's grace]
 10398 | Abyss:1  | Noticed a wretched star
 10404 | Abyss:1  | HP: 13/75 [wretched star/orb of energy (8)]
 10412 | Abyss:1  | HP: 4/75 [wretched star/orb of energy (11)]
 10415 | Abyss:1  | Killed from afar by a wretched star

Vault maps used:
D:1:      zelgadis_glass_arrival_small, tso_metal_star
D:2:      lemuel_doored_altar, nicolae_ru_path_of_blood, first_bread,
          grunt_ministairs_9
D:3:      lemuel_coloured_pillars_altar
D:4:      bloody_trog, uniq_pikel, uniq_menkaure
D:5:      lemuel_round_altar, minivault_27
D:6:      kennysheep_housing_project, overflow_temple_1_default, temple_statues,
          uniq_duvessa
D:7:      grunt_temple_overflow_open
D:8:      tgw_sif, lemuel_round_altar, dpeg_lair_monsters
D:9:      lemuel_crystal_altar, the_bakery, uniq_erolcha

Action                   |  1- 3 |  4- 6 |  7- 9 | 10-12 || total
-------------------------+-------+-------+-------+-------++-------
Melee: Falchion          |   130 |   251 |   416 |       ||   797
       Long sword        |       |       |   125 |   276 ||   401
 Abil: Spit Poison       |       |       |    26 |    27 ||    53
Evoke: Wand              |       |       |     1 |     3 ||     4
  Use: Scroll            |       |     8 |     2 |     5 ||    15
       Potion            |       |     3 |     1 |     4 ||     8
 Stab: Paralysed         |     2 |       |    10 |     1 ||    13
       Petrifying        |     1 |     3 |     3 |       ||     7
       Confused          |       |       |     7 |       ||     7
       Invisible         |       |       |       |     1 ||     1
  Eat: Chunk             |       |     7 |    14 |     6 ||    27
       Beef jerky        |       |       |       |     1 ||     1

Vault maps used:
D:1:      zelgadis_glass_arrival_small, tso_metal_star
D:2:      lemuel_doored_altar, nicolae_ru_path_of_blood, first_bread,
          grunt_ministairs_9
D:3:      lemuel_coloured_pillars_altar
D:4:      bloody_trog, uniq_pikel, uniq_menkaure
D:5:      lemuel_round_altar, minivault_27
D:6:      kennysheep_housing_project, overflow_temple_1_default, temple_statues,
          uniq_duvessa
D:7:      grunt_temple_overflow_open
D:8:      tgw_sif, lemuel_round_altar, dpeg_lair_monsters
D:9:      lemuel_crystal_altar, the_bakery, uniq_erolcha

Table legend:
 A = Turns spent in this place as a percentage of turns spent in the entire game.
 B = Non-inter-level travel turns spent in this place as a percentage of non-inter-level travel turns spent in the entire game.
 C = Inter-level travel turns spent in this place as a percentage of turns spent in this place.
 D = Turns resting spent in this place as a percentage of non-inter-level travel turns spent in this place.
 E = Turns spent auto-exploring this place as a percentage of non-inter-level travel turns spent in this place.
 F = Non-inter-level travel turns spent in this place divided by the number of levels of this place that you've seen.
                   A       B       C       D       E      F
               +-------+-------+-------+-------+-------+----------------------
         Total | 100.0 | 100.0 |   0.3 |   2.7 |   6.5 | 365.5
       Dungeon |  97.9 |  97.9 |   0.3 |   2.6 |   6.6 | 437.3
         Abyss |   2.1 |   2.1 |   0.0 |   7.1 |   0.0 |  42.5
               +-------+-------+-------+-------+-------+----------------------

Table legend:
 A = Kills in this place as a percentage of kills in entire the game.
 B = Kills by you in this place as a percentage of kills by you in the entire game.
 C = Kills by friends in this place as a percentage of kills by friends in the entire game.
 D = Other kills in this place as a percentage of other kills in the entire game.
 E = Experience gained in this place as a percentage of experience gained in the entire game.
 F = Experience gained in this place divided by the number of levels of this place that you have seen.
                   A       B       C       D       E      F
               +-------+-------+-------+-------+-------+----------------------
         Total | 100.0 | 100.0 | 100.0 | 100.0 | 100.0 | 708.0
       Dungeon |  99.6 |  99.6 | 100.0 | 100.0 |  95.4 | 825.6
         Abyss |   0.4 |   0.4 |   0.0 |   0.0 |   4.6 | 179.0
               +-------+-------+-------+-------+-------+----------------------
